| TOP OF THE 1ST |
|
Tampa Bay Rays batting - Pitching for Baltimore Orioles : RHP Randy Marte
|
|
Pitching: RHP Randy Marte
|
|
|
Batting: RHB Bobby Davenport
|
0-0: Ground out 6-3 (Groundball, 6, EV 101.3 MPH)
|
|
Batting: SHB Osvaldo Leme
|
0-0: SINGLE (Groundball, 6MD, EV 93.8 MPH)
|
|
Batting: RHB Ismael Ramírez
|
0-0: Ball 1-0: Ball 2-0: Called Strike 2-1: Ball 3-1: Ground out 5-3 (Groundball, 56S, EV 66.3 MPH) Osvaldo Leme to second
|
|
Batting: LHB Eric Cox
|
0-0: Foul Ball, location: 3SF 0-1: Ball 1-1: Ball 2-1: Ground out U3 (Groundball, 34S, EV 63.8 MPH)
|
| Top of the 1st over - 0 runs, 1 hit, 0 errors, 1 left on base; Tampa Bay 0 - Baltimore 0 |
| BOTTOM OF THE 1ST |
|
Baltimore Orioles batting - Pitching for Tampa Bay Rays : RHP Kevin Murray
|
|
Pitching: RHP Kevin Murray
|
|
|
Batting: RHB Mike Garland
|
0-0: Ball 1-0: Called Strike 1-1: Ball 2-1: Foul Ball, location: 9LMF 2-2: Ball 3-2: Fly out, F4 (Line Drive, 4, EV 75.0 MPH)
|
|
Batting: RHB Carlos Correa
|
0-0: Ball 1-0: Ball 2-0: Called Strike 2-1: Fly out, F8 (Flyball, 8LXD, EV 83.1 MPH)
|
|
Batting: SHB Greg Henderson
|
0-0: Ball 1-0: Ball 2-0: Foul Ball, location: 2F 2-1: Ball 3-1: Base on Balls
|
|
Batting: LHB Esteban Vázquez
|
0-0: Called Strike 0-1: Hit by Pitch Greg Henderson to second
|
|
Batting: LHB Jon Wilson
|
0-0: Called Strike 0-1: Ball 1-1: Called Strike 1-2: Ball 2-2: Ball 3-2: Foul Ball, location: 5SF 3-2: Foul Ball, location: 2F 3-2: Base on Balls Greg Henderson to third Esteban Vázquez to second
|
|
Batting: RHB Robinson Pérez
|
0-0: Called Strike 0-1: Ball 1-1: Foul Ball, location: 2F 1-2: Strikes out looking
|
| Bottom of the 1st over - 0 runs, 0 hits, 0 errors, 3 left on base; Tampa Bay 0 - Baltimore 0 |
| TOP OF THE 2ND |
|
Tampa Bay Rays batting - Pitching for Baltimore Orioles : RHP Randy Marte
|
|
Batting: RHB Ryan McBroom
|
0-0: Foul Ball, location: 2F 0-1: Called Strike 0-2: Foul Ball, location: 9LSF 0-2: Foul Ball, location: 5F 0-2: Ball 1-2: Foul Ball, location: 2F 1-2: Ball 2-2: Fly out, F9 (Flyball, 9S, EV 70.0 MPH)
|
|
Batting: LHB Joey Bowen
|
0-0: Called Strike 0-1: Called Strike 0-2: Fly out, F7 (Flyball, 78M, EV 86.3 MPH)
|
|
Batting: RHB Dylan Veeck
|
0-0: Ball 1-0: Ball 2-0: Ball 3-0: Base on Balls
|
|
Batting: RHB Jesús Pacheco
|
0-0: Foul Ball, location: 7LSF 0-1: Called Strike 0-2: Foul Ball, location: 9LDF 0-2: Strikes out swinging
|
| Top of the 2nd over - 0 runs, 0 hits, 0 errors, 1 left on base; Tampa Bay 0 - Baltimore 0 |
| BOTTOM OF THE 2ND |
|
Baltimore Orioles batting - Pitching for Tampa Bay Rays : RHP Kevin Murray
|
|
Batting: LHB Nomar Mazara
|
0-0: Called Strike 0-1: Ball 1-1: Ball 2-1: Foul Ball, location: 2F 2-2: Ball 3-2: Strikes out swinging
|
|
Batting: RHB Jorge Mateo
|
0-0: Foul Ball, location: 2F 0-1: Ball 1-1: Called Strike 1-2: Foul Ball, location: 2F 1-2: Ball 2-2: Ball 3-2: Foul Ball, location: 25FF 3-2: Fly out, F7 (Flyball, 7, EV 88.1 MPH)
|
|
Batting: LHB Alfredo Ramos
|
0-0: Ground out 4-3 (Groundball, 34, EV 96.3 MPH)
|
| Bottom of the 2nd over - 0 runs, 0 hits, 0 errors, 0 left on base; Tampa Bay 0 - Baltimore 0 |
| TOP OF THE 3RD |
|
Tampa Bay Rays batting - Pitching for Baltimore Orioles : RHP Randy Marte
|
|
Batting: RHB Enrico Vázquez
|
0-0: Swinging Strike 0-1: Foul Ball, location: 9LMF 0-2: Ground out 5-3 (Groundball, 56S, EV 83.8 MPH)
|
|
Batting: RHB Bobby Davenport
|
0-0: Fly out, F7 (Line Drive, 7S, EV 93.8 MPH)
|
|
Batting: SHB Osvaldo Leme
|
0-0: Called Strike 0-1: Ball 1-1: Foul Ball, location: 7LMF 1-2: Ball 2-2: SOLO HOME RUN (Flyball, 9LD, EV 93.1 MPH), Distance : 359 ft
|
|
Batting: RHB Ismael Ramírez
|
0-0: Ball 1-0: DOUBLE (Flyball, 78D, EV 90.6 MPH)
|
|
Batting: LHB Eric Cox
|
0-0: Swinging Strike 0-1: Ball 1-1: Ball 2-1: Ball 3-1: Fly out, F8 (Line Drive, 8RM, EV 89.4 MPH)
|
| Top of the 3rd over - 1 run, 2 hits, 0 errors, 1 left on base; Tampa Bay 1 - Baltimore 0 |
| BOTTOM OF THE 3RD |
|
Baltimore Orioles batting - Pitching for Tampa Bay Rays : RHP Kevin Murray
|
|
Batting: RHB Mike Garland
|
0-0: Called Strike 0-1: Ball 1-1: Foul Ball, location: 3SF 1-2: Foul Ball, location: 3F 1-2: Ball 2-2: Ball 3-2: Base on Balls
|
|
Batting: RHB Carlos Correa
|
0-0: Ball 1-0: Bunted foul 1-1: SINGLE (Line Drive, 9LS, EV 93.8 MPH) Mike Garland to second
|
|
Batting: SHB Greg Henderson
|
0-0: Ball 1-0: Ball 2-0: Ball 3-0: Base on Balls Mike Garland to third Carlos Correa to second
|
|
Batting: LHB Esteban Vázquez
|
0-0: Ball 1-0: Ball 2-0: Ball 3-0: Called Strike 3-1: Fielders Choice at 2nd, 6-4 (Groundball, 6MD, EV 98.8 MPH) Mike Garland scores Carlos Correa to third
|
|
Batting: LHB Jon Wilson
|
0-0: Foul Ball, location: 23F 0-1: Ball 1-1: Swinging Strike 1-2: Foul Ball, location: 23F 1-2: Fly out, F8 (Flyball, 8RM, EV 90.6 MPH) Runner from 3rd tags up, SCORES, throw by CF
|
|
Batting: RHB Robinson Pérez
|
0-0: Called Strike 0-1: Fielders Choice at 2nd, 6-4 (Groundball, 6, EV 98.1 MPH)
|
| Bottom of the 3rd over - 2 runs, 1 hit, 0 errors, 1 left on base; Tampa Bay 1 - Baltimore 2 |
| TOP OF THE 4TH |
|
Tampa Bay Rays batting - Pitching for Baltimore Orioles : RHP Randy Marte
|
|
Batting: RHB Ryan McBroom
|
0-0: Called Strike 0-1: Ball 1-1: Swinging Strike 1-2: Ball 2-2: Foul Ball, location: 9LDF 2-2: Ball 3-2: Foul Ball, location: 2F 3-2: Ground out 6-3 (Groundball, 6, EV 88.8 MPH)
|
|
Batting: LHB Joey Bowen
|
0-0: Foul Ball, location: 9LMFF 0-1: Ground out 4-3 (Groundball, 4, EV 76.9 MPH)
|
|
Batting: RHB Dylan Veeck
|
0-0: Called Strike 0-1: Ball 1-1: Foul Ball, location: 3F 1-2: Strikes out swinging
|
| Top of the 4th over - 0 runs, 0 hits, 0 errors, 0 left on base; Tampa Bay 1 - Baltimore 2 |
| BOTTOM OF THE 4TH |
|
Baltimore Orioles batting - Pitching for Tampa Bay Rays : RHP Kevin Murray
|
|
Batting: LHB Nomar Mazara
|
0-0: Ball 1-0: Ball 2-0: Foul Ball, location: 2RF 2-1: Foul Ball, location: 2F 2-2: Foul Ball, location: 7LSF 2-2: Strikes out swinging
|
|
Batting: RHB Jorge Mateo
|
0-0: Called Strike 0-1: Ball 1-1: Ball 2-1: Fly out, F9 (Flyball, 9LS, EV 85.0 MPH)
|
|
Batting: LHB Alfredo Ramos
|
0-0: Ball 1-0: Ball 2-0: Called Strike 2-1: Ball 3-1: Foul Ball, location: 7LSF 3-2: Strikes out looking
|
| Bottom of the 4th over - 0 runs, 0 hits, 0 errors, 0 left on base; Tampa Bay 1 - Baltimore 2 |
| TOP OF THE 5TH |
|
Tampa Bay Rays batting - Pitching for Baltimore Orioles : RHP Randy Marte
|
|
Batting: RHB Jesús Pacheco
|
0-0: Foul Ball, location: 9LSF 0-1: Called Strike 0-2: Ball 1-2: Foul Ball, location: 3DF 1-2: Fly out, F8 (Flyball, 78M, EV 93.8 MPH)
|
|
Batting: RHB Enrico Vázquez
|
0-0: Ball 1-0: Called Strike 1-1: Ball 2-1: Ground out 6-3 (Groundball, 6, EV 77.5 MPH)
|
|
Batting: RHB Bobby Davenport
|
0-0: Ball 1-0: Fly out, F7 (Line Drive, 7, EV 103.8 MPH)
|
| Top of the 5th over - 0 runs, 0 hits, 0 errors, 0 left on base; Tampa Bay 1 - Baltimore 2 |
| BOTTOM OF THE 5TH |
|
Baltimore Orioles batting - Pitching for Tampa Bay Rays : RHP Kevin Murray
|
|
Batting: RHB Mike Garland
|
0-0: Ball 1-0: Ball 2-0: Called Strike 2-1: Ball 3-1: Foul Ball, location: 2F 3-2: Ground out 6-3 (Groundball, 6M, EV 84.4 MPH)
|
|
Pitching: RHP Dan Gardner
|
|
|
Batting: RHB Carlos Correa
|
0-0: Ball 1-0: Called Strike 1-1: Ball 2-1: Ball 3-1: Swinging Strike 3-2: Strikes out looking
|
|
Batting: SHB Greg Henderson
|
0-0: Ball 1-0: Foul Ball, location: 5DF 1-1: SINGLE (Groundball, 34D, EV 98.8 MPH)
|
|
Batting: LHB Esteban Vázquez
|
0-0: Called Strike 0-1: Called Strike 0-2: Ball 1-2: Ball Greg Henderson steals 2nd base 2-2: Ball 3-2: Base on Balls
|
|
Batting: LHB Jon Wilson
|
0-0: Ball 1-0: Ball 2-0: Ball 3-0: Base on Balls Greg Henderson to third Esteban Vázquez to second
|
|
Batting: RHB Robinson Pérez
|
0-0: Called Strike 0-1: Ball 1-1: Called Strike 1-2: SINGLE (Line Drive, 34, EV 94.4 MPH) Greg Henderson scores Esteban Vázquez to third Jon Wilson to second Runner from 3rd tries for Home, SAFE, throw by RF to home
|
|
Batting: LHB Nomar Mazara
|
0-0: Fly out, F9 (Flyball, 89M, EV 85.6 MPH)
|
| Bottom of the 5th over - 2 runs, 2 hits, 0 errors, 2 left on base; Tampa Bay 1 - Baltimore 4 |
| TOP OF THE 6TH |
|
Tampa Bay Rays batting - Pitching for Baltimore Orioles : RHP Randy Marte
|
|
Batting: SHB Osvaldo Leme
|
0-0: Swinging Strike 0-1: Ball 1-1: Foul Ball, location: 7LDF 1-2: Strikes out swinging
|
|
Batting: RHB Ismael Ramírez
|
0-0: DOUBLE (Line Drive, 9LD, EV 105.6 MPH)
|
|
Batting: LHB Eric Cox
|
0-0: Ball 1-0: Ball 2-0: Ground out U3 (Groundball, 3, EV 86.3 MPH) Ismael Ramírez to third
|
|
Batting: RHB Ryan McBroom
|
0-0: Foul Ball, location: 2F 0-1: Ball 1-1: Swinging Strike 1-2: Foul Ball, location: 7LMF 1-2: Foul Ball, location: 2F 1-2: SINGLE (Groundball, 34D, EV 110.0 MPH) Ismael Ramírez scores
|
|
Batting: LHB Joey Bowen
|
0-0: Ball Wild Pitch! Ryan McBroom to second 1-0: Fly out, F8 (Flyball, 78XD, EV 106.3 MPH)
|
| Top of the 6th over - 1 run, 2 hits, 0 errors, 1 left on base; Tampa Bay 2 - Baltimore 4 |
| BOTTOM OF THE 6TH |
|
Baltimore Orioles batting - Pitching for Tampa Bay Rays : RHP Dan Gardner
|
|
Batting: RHB Jorge Mateo
|
0-0: Called Strike 0-1: DOUBLE (Line Drive, 7LS, EV 105.0 MPH)
|
|
Batting: LHB Alfredo Ramos
|
0-0: Called Strike 0-1: Called Strike 0-2: Foul Ball, location: 7LDF 0-2: Ball 1-2: Ground out 4-3 (Groundball, 34, EV 102.5 MPH) Jorge Mateo to third
|
|
Batting: RHB Mike Garland
|
0-0: Ball 1-0: Swinging Strike 1-1: Foul Ball, location: 3DF 1-2: Ball 2-2: Ball 3-2: Fly out, F3 (Popup, 3SF, EV 70.0 MPH)
|
|
Pitching: RHP Josh Ingram
|
|
|
Batting: RHB Carlos Correa
|
0-0: Foul Ball, location: 2F 0-1: Ground out 4-3 (Groundball, 4S, EV 63.8 MPH)
|
| Bottom of the 6th over - 0 runs, 1 hit, 0 errors, 1 left on base; Tampa Bay 2 - Baltimore 4 |
| TOP OF THE 7TH |
|
Tampa Bay Rays batting - Pitching for Baltimore Orioles : RHP Randy Marte
|
|
Batting: RHB Dylan Veeck
|
0-0: Ball 1-0: Called Strike 1-1: Foul Ball, location: 9LDF 1-2: Ball 2-2: Strikes out swinging
|
|
Batting: RHB Jesús Pacheco
|
0-0: Swinging Strike 0-1: Ball 1-1: Ground out 4-3 (Groundball, 4, EV 86.3 MPH)
|
|
Batting: RHB Enrico Vázquez
|
0-0: Called Strike 0-1: Ball 1-1: Foul Ball, location: 23F 1-2: Reached on error, E4 (Groundball, 4, EV 76.9 MPH)
|
|
Pitching: RHP Alfredo Flores
|
|
|
Batting: RHB Bobby Davenport
|
0-0: Fly out, F7 (Flyball, 7S, EV 94.4 MPH)
|
| Top of the 7th over - 0 runs, 0 hits, 1 error, 1 left on base; Tampa Bay 2 - Baltimore 4 |
| BOTTOM OF THE 7TH |
|
Baltimore Orioles batting - Pitching for Tampa Bay Rays : RHP Josh Ingram
|
|
Batting: SHB Greg Henderson
|
0-0: Called Strike 0-1: Called Strike 0-2: Foul Ball, location: 2F 0-2: Strikes out swinging
|
|
Batting: LHB Esteban Vázquez
|
0-0: Foul Ball, location: 7LMF 0-1: Swinging Strike 0-2: Strikes out swinging
|
|
Batting: LHB Jon Wilson
|
0-0: Called Strike 0-1: Fly out, F9 (Line Drive, 9S, EV 104.4 MPH)
|
| Bottom of the 7th over - 0 runs, 0 hits, 0 errors, 0 left on base; Tampa Bay 2 - Baltimore 4 |
| TOP OF THE 8TH |
|
Tampa Bay Rays batting - Pitching for Baltimore Orioles : RHP Alfredo Flores
|
|
Now at 1B: Don Dotson
|
|
|
Batting: SHB Osvaldo Leme
|
0-0: Called Strike 0-1: Foul Ball, location: 2F 0-2: Foul Ball, location: 2F 0-2: Ball 1-2: Foul Ball, location: 2F 1-2: Foul Ball, location: 7LDF 1-2: Ball 2-2: Ground out 4-3 (Groundball, 4, EV 96.9 MPH)
|
|
Batting: RHB Ismael Ramírez
|
0-0: Ball 1-0: Called Strike 1-1: Swinging Strike 1-2: Foul Ball, location: 5FF 1-2: Foul Ball, location: 3DF 1-2: SINGLE (Line Drive, 6MD, EV 101.9 MPH)
|
|
Batting: LHB Eric Cox
|
0-0: Ball 1-0: Called Strike 1-1: Fielders Choice at 2nd, 1-6 (Groundball, 34S, EV 66.3 MPH)
|
|
Batting: RHB Ryan McBroom
|
0-0: Ball 1-0: Ground out 4-3 (Groundball, 4, EV 76.3 MPH)
|
| Top of the 8th over - 0 runs, 1 hit, 0 errors, 1 left on base; Tampa Bay 2 - Baltimore 4 |
| BOTTOM OF THE 8TH |
|
Baltimore Orioles batting - Pitching for Tampa Bay Rays : RHP Josh Ingram
|
|
Batting: RHB Robinson Pérez
|
0-0: Ball 1-0: Called Strike 1-1: Swinging Strike 1-2: Ball 2-2: Ball 3-2: Base on Balls
|
|
Batting: LHB Nomar Mazara
|
0-0: Foul Ball, location: 2F 0-1: Ball 1-1: Grounds into double play, 4-6-3 (Groundball, 4, EV 87.5 MPH)
|
|
Batting: RHB Jorge Mateo
|
0-0: Called Strike 0-1: Ball 1-1: Ball 2-1: Swinging Strike 2-2: Strikes out swinging
|
| Bottom of the 8th over - 0 runs, 0 hits, 0 errors, 0 left on base; Tampa Bay 2 - Baltimore 4 |
| TOP OF THE 9TH |
|
Tampa Bay Rays batting - Pitching for Baltimore Orioles : RHP Alfredo Flores
|
|
Pitching: RHP Jung-ho Chang
|
|
|
Batting: LHB Joey Bowen
|
0-0: Ball 1-0: SINGLE (Groundball, 4MD, EV 106.9 MPH)
|
|
Batting: RHB Dylan Veeck
|
0-0: Foul Ball, location: 3F 0-1: Foul Ball, location: 23FF 0-2: Ball 1-2: Ball 2-2: Ball 3-2: Grounds into double play, U3-6 (Groundball, 3L, EV 94.4 MPH)
|
|
Batting: RHB Jesús Pacheco
|
0-0: Ball 1-0: Ball 2-0: Called Strike 2-1: SOLO HOME RUN (Flyball, 89XD, EV 98.8 MPH), Distance : 400 ft
|
|
Batting: RHB Enrico Vázquez
|
0-0: Ball 1-0: Ground out 6-3 (Groundball, 56S, EV 88.1 MPH)
|
| Top of the 9th over - 1 run, 2 hits, 0 errors, 0 left on base; Tampa Bay 3 - Baltimore 4 |
|